 Dungeon Crawl Stone Soup version 0.28.0-45-g0d030f2227 (webtiles) character file.

Game seed: 10919330367655916220

139 Ablot the Cutter (level 5, -2/47 HPs)
             Began as a Gnoll Chaos Knight on Apr 14, 2022.
             Was a Plaything of Xom.
             Slain by a gnoll
             ... wielding a +0 flail
              (5 damage)
             ... on level 3 of the Dungeon.
             The game lasted 00:02:37 (2142 turns).

Ablot the Cutter (Gnoll Chaos Knight)               Turns: 2142, Time: 00:02:38

Health: -2/47      AC: 12    Str: 13    XL:     5   Next: 22%
Magic:  7/7        EV: 11    Int: 12    God:    Xom [.....*]
Gold:   135        SH:  0    Dex: 14    Spells: 6/6 levels left

rFire   . . .      SeeInvis .   a - +0 short sword (chaos)
rCold   . . .      Faith    .   (no shield)
rNeg    + + .      Spirit   .   r - +3 ring mail "Xyciz" {rN++ Dex+3}
rPois   .          Reflect  .   (no helmet)
rElec   .          Harm     .   n - +0 cloak
rCorr   .          Rampage  .   g - +1 pair of gloves
Will    .....                   (no boots)
Stlth   +.........              (no amulet)
HPRegen 0.15/turn               (no ring)
MPRegen 0.10/turn               (no ring)

@: no status effects
A: fangs 1, strong nose, distributed training
a: Renounce Religion


You were on level 3 of the Dungeon.
You worshipped Xom.
You were Xom's teddy bear.
You visited 1 branch of the dungeon, and saw 3 of its levels.

You collected 135 gold pieces.

Inventory:

Hand Weapons
 a - a +0 short sword of chaos (weapon)
 t - a +4 dagger
Missiles
 c - 47 stones (quivered)
 o - 13 poisoned darts
Armour
 g - a +1 pair of gloves (worn)
 n - a +0 cloak (worn)
 r - the +3 ring mail "Xyciz" (worn) {rN++ Dex+3}
   (You took it off a goblin on level 2 of the Dungeon)

   Dex:       It affects your dexterity (+3).
   rN:        It greatly protects you from negative energy.
Wands
 v - a wand of iceblast (7)
Scrolls
 d - a scroll of vulnerability {unknown}
 f - a scroll of fog {unknown}
 i - 3 scrolls of identify {unknown}
 j - a scroll of teleportation {unknown}
 k - 2 scrolls of immolation {unknown}
 m - a scroll of acquirement {unknown}
 q - a scroll of enchant weapon {unknown}
 s - 3 scrolls of amnesia {unknown}
 u - a scroll of blinking {unknown}
Potions
 b - 2 potions of flight {unknown}
 e - 3 potions of heal wounds {unknown}
 h - a potion of attraction {unknown}
 l - a potion of lignification {unknown}
 p - a potion of curing


   Skills:
 + Level 6.6 Fighting
 + Level 6.6 Short Blades
 + Level 1.4 Long Blades
 + Level 1.4 Axes
 + Level 1.4 Maces & Flails
 + Level 1.4 Polearms
 + Level 1.4 Staves
 + Level 1.4 Slings
 + Level 1.4 Bows
 + Level 1.4 Crossbows
 + Level 1.4 Throwing
 + Level 4.7 Armour
 + Level 2.9 Dodging
 + Level 1.4 Stealth
 + Level 1.4 Shields
 + Level 1.4 Unarmed Combat
 + Level 1.4 Spellcasting
 + Level 1.1 Conjurations
 + Level 1.1 Hexes
 + Level 1.1 Summonings
 + Level 1.1 Necromancy
 + Level 1.1 Translocations
 + Level 1.1 Transmutations
 + Level 1.1 Fire Magic
 + Level 1.1 Ice Magic
 + Level 1.1 Air Magic
 + Level 1.1 Earth Magic
 + Level 1.1 Poison Magic
 + Level 1.5 Invocations
 + Level 1.4 Evocations


You had 6 spell levels left.
You didn't know any spells.
Your spell library was empty.

Dungeon Overview and Level Annotations

Branches:
Dungeon (3/15)

Altars:


Innate Abilities, Weirdness & Mutations

You have very sharp teeth.
Your uncanny sense of smell can sniff out nearby items.
Your experience applies equally to all skills.


Message History

The gnoll closely misses you.
You closely miss the gnoll. The gnoll hits you but does no damage.
You hit the gnoll but do no damage.
The gnoll blinks!
The gnoll hits you with a +0 spear.
You hit the gnoll but do no damage. You bite the gnoll, but do no damage.
The gnoll hits you but does no damage.
You hit the gnoll.
The gnoll is moderately wounded.
The gnoll hits you but does no damage.
You closely miss the gnoll.
The gnoll is moderately wounded.
The gnoll misses you. The gnoll completely misses you.
You hit the gnoll. You freeze the gnoll.
The gnoll is heavily wounded.
The gnoll hits you with a +0 flail. The gnoll closely misses you.
You are too injured to fight recklessly!
You are too injured to fight recklessly!
You are too injured to fight recklessly!
You hit the gnoll. Lightning courses through the gnoll!!
You kill the gnoll!
The gnoll barely misses you.
You hit the gnoll but do no damage.
The gnoll goes berserk!
Xom thinks this is hilarious!
The gnoll misses you.
You barely miss the gnoll. The gnoll barely misses you.
You barely miss the gnoll. You bite the gnoll.
The gnoll is lightly wounded.
The gnoll closely misses you.
You puncture the gnoll!
The gnoll seems to speed up.
The gnoll is heavily wounded.
The gnoll hits you with a +0 flail.
You barely miss the gnoll. Your bite misses the gnoll.
The gnoll is heavily wounded.
The gnoll barely misses you.
You hit the gnoll.
The gnoll flickers and vanishes!
Deactivating autopickup; reactivate with Ctrl-A.
Something hits you!!
* * * LOW HITPOINT WARNING * * *
Something hits you.
You die...

.......................).##......
.##..[...........##.....)........
.#....................#####......
.......†............#............
....................#.....<......
#................................
#..............................†.
#....<.........................†.
#..............)@............<.).
#...............{###.............
#.....#.####.#...## #...........†
......#.# #.))...# #............
#>.>#...# ####.#......##.######.
#..#..### ..###..# #. . ###..##
#... .... # . #...## ..... >.. .
#.### ...... .. .


There were no monsters in sight!

Vanquished Creatures
  Ijyb (D:3)
  3 gnolls (D:3)
  An adder (D:3)
  A worm (D:2)
  A dart slug (D:1)
  4 orcs (D:3)
  4 bats
  5 endoplasms
  A giant cockroach (D:1)
  4 goblins
  6 hobgoblins
  3 jackals (D:1)
  5 kobolds
  4 quokkas
  11 ball pythons
  3 frilled lizards
  5 rats
62 creatures vanquished.

Vanquished Creatures (collateral kills)
  2 goblins (D:3)
2 creatures vanquished.

Grand Total: 64 creatures vanquished

Notes
Turn   | Place    | Note
-------+----------+-------------------------------------------
     0 | D:1      | Ablot the Gnoll Chaos Knight began the quest for the Orb.
     0 | D:1      | Reached XP level 1. HP: 23/23 MP: 1/1
   224 | D:1      | XOM: silly message
   234 | D:1      | Reached XP level 2. HP: 29/29 MP: 2/2
   456 | D:1      | Found a faded altar of an unknown god.
   469 | D:1      | Reached XP level 3. HP: 34/35 MP: 3/3
   895 | D:1      | XOM: silly message
  1062 | D:2      | XOM: cloud trail
  1123 | D:2      | XOM: god gift: 53 gold pieces
  1137 | D:2      | Reached skill level 1 in Invocations
  1327 | D:2      | Identified the +3 ring mail "Xyciz" {rN++ Dex+3}
  1611 | D:3      | XOM: summons friendly shadow imp
  1616 | D:3      | Reached skill level 1 in Long Blades
  1616 | D:3      | Reached skill level 1 in Axes
  1616 | D:3      | Reached skill level 1 in Maces & Flails
  1616 | D:3      | Reached skill level 1 in Polearms
  1616 | D:3      | Reached skill level 1 in Staves
  1616 | D:3      | Reached skill level 1 in Slings
  1616 | D:3      | Reached skill level 1 in Bows
  1616 | D:3      | Reached skill level 1 in Crossbows
  1616 | D:3      | Reached skill level 1 in Throwing
  1616 | D:3      | Reached skill level 1 in Stealth
  1616 | D:3      | Reached skill level 1 in Shields
  1616 | D:3      | Reached skill level 1 in Unarmed Combat
  1616 | D:3      | Reached skill level 1 in Spellcasting
  1616 | D:3      | Reached skill level 1 in Evocations
  1680 | D:3      | Reached XP level 4. HP: 41/41 MP: 5/5
  2022 | D:3      | Noticed Ijyb
  2047 | D:3      | Killed Ijyb
  2048 | D:3      | Reached skill level 1 in Conjurations
  2048 | D:3      | Reached skill level 1 in Hexes
  2048 | D:3      | Reached skill level 1 in Summonings
  2048 | D:3      | Reached skill level 1 in Necromancy
  2048 | D:3      | Reached skill level 1 in Translocations
  2048 | D:3      | Reached skill level 1 in Transmutations
  2048 | D:3      | Reached skill level 1 in Fire Magic
  2048 | D:3      | Reached skill level 1 in Ice Magic
  2048 | D:3      | Reached skill level 1 in Air Magic
  2048 | D:3      | Reached skill level 1 in Earth Magic
  2048 | D:3      | Reached skill level 1 in Poison Magic
  2092 | D:3      | XOM: divination: detect creatures
  2097 | D:3      | Reached XP level 5. HP: 43/47 MP: 6/6
  2142 | D:3      | Slain by a gnoll

Illustrated notes

Levels and vault maps discovered:
D:1:      evilmike_arrival_hilbert_curve, layout_loops_ring,
          nicolae_ecumenical_snake_handling, hangedman_glass_teeth,
          minmay_misc_feat_room
D:2:      layout_loops_ring, chequers_serial_rivers_room_b
D:3:      layout_rooms, corexii_hall_statues_l, nicolae_figureground_sparkle,
          uniq_ijyb

Skill      XL: |  1  2  3  4 |
---------------+-------------+-----
Invocations    | 1 |  1.5
Long Blades    | 1 |  1.4
Axes           | 1 |  1.4
Maces & Flails | 1 |  1.4
Polearms       | 1 |  1.4
Staves         | 1 |  1.4
Slings         | 1 |  1.4
Bows           | 1 |  1.4
Crossbows      | 1 |  1.4
Throwing       | 1 |  1.4
Stealth        | 1 |  1.4
Shields        | 1 |  1.4
Unarmed Combat | 1 |  1.4
Spellcasting   | 1 |  1.4
Evocations     | 1 |  1.4
Conjurations   | 1 |  1.1
Hexes          | 1 |  1.1
Summonings     | 1 |  1.1
Necromancy     | 1 |  1.1
Translocations | 1 |  1.1
Transmutations | 1 |  1.1
Fire Magic     | 1 |  1.1
Ice Magic      | 1 |  1.1
Air Magic      | 1 |  1.1
Earth Magic    | 1 |  1.1
Poison Magic   | 1 |  1.1
Fighting       | |  6.6
Short Blades   | |  6.6
Armour         | |  4.7
Dodging        | |  2.9

Action                   |  1- 3 |  4- 6 || total
-------------------------+-------+-------++-------
Melee: Short sword       |   114 |    84 ||   198
       Bite              |    10 |     9 ||    19
       Punch             |     2 |       ||     2
 Stab: Confused          |     1 |       ||     1
       Petrifying        |       |     1 ||     1
Armor: Leather armour    |    21 |       ||    21
       Ring mail         |    10 |    23 ||    33
Dodge: Dodged            |    50 |    35 ||    85
